 Dungeon Crawl Stone Soup version 0.28.0-47-ge53b351184 (webtiles) character file.

Game seed: 14771054561355075262

9 101zpm the Conjurer (level 2, 0/20 HPs)
             Began as a Draconian Conjurer on Apr 29, 2022.
             Slain by Sigmund
             ... wielding a +0 scythe
              (3 damage)
             ... on level 2 of the Dungeon.
             The game lasted 00:00:53 (322 turns).

101zpm the Conjurer (Draconian Conjurer)             Turns: 322, Time: 00:00:53

Health: 0/20       AC:  4    Str:  9    XL:     2   Next: 6%
Magic:  5/5        EV: 12    Int: 18    God:
Gold:   0          SH:  0    Dex:  9    Spells: 4/5 levels left

rFire   . . .      SeeInvis .   (no weapon)
rCold   . . .      Faith    .   (no shield)
rNeg    . . .      Spirit   .   (armour unavailable)
rPois   .          Reflect  .   (helmet restricted)
rElec   .          Harm     .   (no cloak)
rCorr   .          Rampage  .   (no gloves)
Will    .....                   (no boots)
Stlth   +.........              (no amulet)
HPRegen 0.06/turn               (no ring)
MPRegen 0.09/turn               (no ring)

@: confused
A: AC +4, unfitting armour, cold-blooded
a: no special abilities


You were on level 2 of the Dungeon.
You visited 1 branch of the dungeon, and saw 2 of its levels.

Inventory:

Scrolls
 a - a scroll of teleportation {unknown}
 c - a scroll of enchant armour {unknown}
Potions
 b - a potion of brilliance {unknown}


   Skills:
 + Level 1.8 Dodging
 + Level 1.8 Stealth
 + Level 2.0 Spellcasting
 + Level 4.4 Conjurations


You had 4 spell levels left.
You knew the following spells:

 Your Spells              Type           Power      Damage    Failure   Level
a - Magic Dart            Conj           68%        1d6       3%          1

Your spell library contained the following spells:

 Spells                   Type           Power      Damage    Failure   Level
 Searing Ray              Conj           34%        2d5       4%          2
 Dazzling Flash           Conj/Hex       18%        N/A       22%         3
 Fulminant Prism          Conj/Hex       4%         3d6       58%         4
 Iskenderun's Mystic Bla  Conj/Tloc      9%         2d4       58%         4


Dungeon Overview and Level Annotations

Branches:
Dungeon (2/15)

Altars:

Annotations:
D:2 Sigmund


Innate Abilities, Weirdness & Mutations

Your plain brown scales are hard. (AC +4)
You cannot fit into any form of body armour.
You are cold-blooded and may be slowed by cold attacks.


Message History

You kill the hobgoblin!
Sigmund the Dreaded comes into view.
He is wielding a +0 scythe.
The magic dart hits Sigmund.
Sigmund is lightly wounded.
Sigmund gestures at you while chanting.
You are confused.
You're too confused to cast spells.
You're too confused to cast spells.
You bump into the rock wall.
You feel less confused.
Sigmund drinks a potion.
Sigmund seems to speed up.
Sigmund gestures at you while chanting. The puff of flame misses you.
Sigmund casts a spell at you.
You are confused.
You're too confused to move!
Sigmund barely misses you. Sigmund misses you.
You bump into the rock wall.
Sigmund hits you with a +0 scythe.
Unknown command.
You're too confused to cast spells.
You're too confused to cast spells.
You're too confused to cast spells.
You're too confused to cast spells.
Unknown command.
You bump into the rock wall.
Sigmund says, "You will soon forget everything."
Sigmund casts a spell.
Sigmund flickers and vanishes!
Deactivating autopickup; reactivate with Ctrl-A.
You bump into the rock wall.
Something hits you but does no damage.
You feel less confused. Something hits you. Something hits you.
Something hits you!
Ouch! That really hurt!
* * * LOW HITPOINT WARNING * * *
You hear some strange, mumbled words.
You are confused.
Something hits you.
You die...

################
#######...............
......................
##############@#..........##
...........................##
##......######.#.#...<)......
#......# #.#.#.##.......#
#......# ####.#............#
#......# #....#..........#.#
#......# #...............# .
#......# #...............#
#......# #...............#


There were no monsters in sight!

Vanquished Creatures
  An endoplasm (D:2)
  3 hobgoblins
  A kobold (D:2)
  A quokka (D:1)
  A bat (D:1)
  A frilled lizard (D:2)
8 creatures vanquished.

Notes
Turn   | Place    | Note
-------+----------+-------------------------------------------
     0 | D:1      | 101zpm the Draconian Conjurer began the quest for the Orb.
     0 | D:1      | Reached XP level 1. HP: 14/14 MP: 3/3
   245 | D:2      | Reached XP level 2. HP: 20/20 MP: 1/5
   291 | D:2      | Noticed Sigmund
   322 | D:2      | Slain by Sigmund

Illustrated notes

Levels and vault maps discovered:
D:1:      erik_arrival_blinker_ship, layout_basic
D:2:      layout_basic, chequers_serial_rivers_micro_a, palyth_stone_intersect,
          minmay_pentomino_s2, uniq_sigmund

Action                   || total
-------------------------++-------
Melee: Unarmed           ||     6
       Tailslap          ||     3
 Cast: Magic Dart        ||    15
Armor: Skin              ||     5
Dodge: Dodged            ||     6
